 Dungeon Crawl Stone Soup version 0.30-a0-830-gfe289a77b0 (webtiles) character file.

Game seed: 14511806547963457502

527 Crabhammer the Covert (level 7, -6/32 HPs)
             Began as a Spriggan Enchanter on Mar 1, 2023.
             Mangled by Duvessa
             ... wielding a +2 long sword of freezing
              (20 damage)
             ... on level 4 of the Dungeon.
             The game lasted 00:18:20 (3964 turns).

Crabhammer the Covert (Spriggan Enchanter)          Turns: 3964, Time: 00:18:21

Health: -6/32      AC:  2    Str:  4    XL:     7   Next: 3%
Magic:  14/14      EV: 17    Int: 18    God:
Gold:   262        SH:  0    Dex: 16    Spells: 10/15 levels left

rFire   x . .      SeeInvis +    f - +0 dagger (venom)
rCold   + . .      Faith    .    (no shield)
rNeg    . . .      Spirit   .    b - +0 robe
rPois   .          Reflect  .    (helmet restricted)
rElec   .          Harm     .    (no cloak)
rCorr   .          Rampage  .    (gloves unavailable)
Will    +....                    (boots unavailable)
Stlth   ++++                     (no amulet)
HPRegen 0.25/turn                e - ring of ice
MPRegen 0.14/turn                (no ring)

@: very quick
A: very small, no large weapons, unfitting armour, see invisible, speed 3
a: no special abilities


You were on level 4 of the Dungeon.
You visited 1 branch of the dungeon, and saw 4 of its levels.

You collected 262 gold pieces.

Inventory:

Hand Weapons
 f - a +0 dagger of venom (weapon)
 t - a +2 dagger of protection
Missiles
 s - a throwing net (quivered)
Armour
 b - a +0 robe (worn)
 i - a +0 buckler
Jewellery
 e - a ring of ice (left hand)
 o - a ring of resist corrosion
Scrolls
 d - a scroll of enchant weapon {unknown}
 g - a scroll of noise {unknown}
 h - a scroll of teleportation
 k - a scroll of fog {unknown}
 l - a scroll of identify
 m - a scroll of amnesia {unknown}
 p - a scroll of butterflies {unknown}
 q - a scroll of magic mapping {unknown}
 r - a scroll of vulnerability {unknown}
Potions
 c - 2 potions of invisibility
 j - a potion of curing
 n - a potion of degeneration {unknown}


   Skills:
 + Level 0.4 Fighting
 + Level 2.8 Short Blades
 - Level 2.6 Dodging
 + Level 8.3 Stealth
 + Level 4.6 Spellcasting
 + Level 5.4 Hexes
 + Level 1.6 Ice Magic


You had 10 spell levels left.
You knew the following spells:

 Your Spells              Type           Power      Damage    Failure   Level
a - Ensorcelled Hibernat  Hex/Ice        50%        N/A       4%          2
b - Confusing Touch       Hex            23%        N/A       4%          3

Your spell library contained the following spells:

 Spells                   Type           Power      Damage    Failure   Level
 Tukima's Dance           Hex            23%        N/A       4%          3
 Apportation              Tloc           8%         N/A       14%         1
 Necrotise                Necr           16%        1d4       14%         1
 Summon Small Mammal      Summ           16%        N/A       14%         1
 Dazzling Flash           Conj/Hex       26%        N/A       14%         3
 Spider Form              Tmut/Pois      4%         N/A       38%         3
 Anguish                  Hex/Necr       6%         N/A       41%         4


Dungeon Overview and Level Annotations

Branches:
Dungeon (4/15)
 Temple: D:4-7

Altars:
Makhleb
Okawaru

Annotations:
D:4 Duvessa


Innate Abilities, Weirdness & Mutations

You are very small and have problems with some larger weapons.
You are too small for most types of armour.
You have supernaturally acute eyesight. (SInv)
You cover ground extremely quickly. (Speed+++)


Message History

You hear a shout!
Casting: Ensorcelled Hibernation (safe; 4% risk of failure)
Confirm with . or Enter, or press ? or * to list all spells.
Aiming: Ensorcelled Hibernation (safe; 4% risk of failure)
Press: ? - help, Shift-Dir - straight line, f - gnoll
Aim: a gnoll, wielding a +0 spear (chance to affect: 65%)
You feel a surge of power!
The gnoll struggles to resist.
The gnoll hits you from afar with a +0 spear.
A jackal comes into view.
There is a stone staircase leading up here.
The jackal closely misses you.
You hear a shout!
The jackal barely misses you. The gnoll hits you but does no damage.
You climb upwards.
There is a stone staircase leading down here.
Casting: Ensorcelled Hibernation (safe; 4% risk of failure)
Confirm with . or Enter, or press ? or * to list all spells.
Aiming: Ensorcelled Hibernation (safe; 4% risk of failure)
Press: ? - help, Shift-Dir - straight line, f - jackal
Aim: a jackal (chance to affect: 73%)
You feel a surge of power!
The jackal looks drowsy...
The helpless jackal fails to defend itself.
You perforate the jackal like a sieve!!!
You kill the jackal!
You see here a jackal corpse.
You start resting.
HP restored.
You start resting.
Magic restored.
You see here an iguana skeleton.
There is a stone staircase leading down, spattered with blood here.
You climb downwards.
Level annotation: Duvessa Duvessa hits you with a +2 long sword of freezing!
Duvessa freezes you.
The gnoll shouts!
There is a stone staircase leading up here.
Duvessa hits you with a +2 long sword of freezing!!
Ouch! That really hurt!
You die...

#)......##
#........#
#........#
###.######
#[##..## ##
#......# .#
#.....######## ..#
#[....##.....# ..#
###...##..##.....#
### .....#......#
.......#......#
........#......+


You could see Duvessa (berserk) and a gnoll.

Vanquished Creatures
  Eustachio (D:4)
  A black bear (D:3)
  Dowan (D:4)
  A hound (D:3)
  An iguana (D:3)
  2 orc wizards
  Robin (D:4)
  A gnoll (D:3)
  2 adders
  A white imp (D:4)
  4 worms
  A dart slug (D:1)
  2 orcs
  6 ball pythons
  7 endoplasms
  2 giant cockroaches
  14 goblins
  8 hobgoblins
  3 jackals
  3 quokkas
  A bat (D:1)
  2 frilled lizards
  3 kobolds (D:2)
  6 rats
74 creatures vanquished.

Notes
Turn   | Place    | Note
-------+----------+-------------------------------------------
     0 | D:1      | Crabhammer the Spriggan Enchanter began the quest for the
                  | Orb.
     0 | D:1      | Reached XP level 1. HP: 9/9 MP: 5/5
   232 | D:1      | Reached XP level 2. HP: 13/13 MP: 6/6
   236 | D:1      | Learned a level 2 spell: Ensorcelled Hibernation
   881 | D:2      | Reached skill level 5 in Stealth
   881 | D:2      | Reached XP level 3. HP: 16/16 MP: 0/8
  1754 | D:3      | Found an iron altar of Okawaru.
  1756 | D:3      | Found a burning altar of Makhleb.
  2102 | D:3      | Reached XP level 4. HP: 16/21 MP: 2/9
  2246 | D:3      | Found a faded altar of an unknown god.
  2773 | D:4      | Noticed Eustachio
  2820 | D:4      | Noticed Duvessa
  2820 | D:4      | Noticed Dowan
  2822 | D:4      | Killed Dowan
  2823 | D:4      | Reached skill level 6 in Stealth
  2865 | D:3      | Learned a level 3 spell: Confusing Touch
  2959 | D:4      | Killed Eustachio
  2960 | D:4      | Reached skill level 7 in Stealth
  2960 | D:4      | Reached skill level 5 in Hexes
  2960 | D:4      | Reached skill level 1 in Ice Magic
  2960 | D:4      | Reached XP level 5. HP: 10/24 MP: 5/11
  2960 | D:4      | Reached XP level 6. HP: 12/28 MP: 5/12
  3102 | D:4      | Noticed Robin
  3200 | D:4      | Killed Robin
  3339 | D:3      | Reached skill level 8 in Stealth
  3686 | D:3      | Reached XP level 7. HP: 23/32 MP: 11/14
  3964 | D:4      | Mangled by Duvessa

Illustrated notes

Levels and vault maps discovered:
D:1:      dpeg_arrival_three_bigger_balls, layout_basic
D:2:      layout_rooms
D:3:      layout_basic, grunt_temple_overflow_open,
          shapermc_ecumenical_altar_ellora
D:4:      layout_gridville, serial_shops, shop_statue, uniq_grinder,
          uniq_eustachio, uniq_duvessa, uniq_robin

Skill      XL: |  1  2  3  4  5  6 |
---------------+-------------------+-----
Hexes          | 4 5 |  5.4
Stealth        | 5 7 8 |  8.3
Spellcasting   | 3 4 |  4.6
Short Blades   | 2 |  2.8
Ice Magic      | 1 |  1.6
Fighting       | |  0.4
Dodging        | |  2.6

Action                     |  1- 3 |  4- 6 |  7- 9 || total
---------------------------+-------+-------+-------++-------
  Melee: Dagger            |   109 |    60 |     6 ||   175
         Punch             |     3 |     1 |       ||     4
   Cast: Ensorcelled Hiber |    32 |    24 |     3 ||    59
         Confusing Touch   |       |     3 |     1 ||     4
    Use: Potion            |     2 |       |       ||     2
         Scroll            |       |       |     2 ||     2
   Stab: Sleeping          |    26 |    14 |     1 ||    41
         Confused          |       |     1 |     1 ||     2
 Armour: Robe              |     7 |     9 |     1 ||    17
         Skin              |    10 |       |       ||    10
  Dodge: Dodged            |    57 |    66 |     3 ||   126

Table legend: (Time is in decaauts)
 A = Elapsed time spent in this place.
 B = Non-inter-level travel time spent in this place.
 C = Inter-level travel time spent in this place.
 D = Time resting spent in this place.
 E = Time spent auto-exploring this place.
 F = Levels seen in this place.
 G = Mean time per level.
                   A        B        C        D        E       F      G
               +--------+--------+--------+--------+--------+-----+--------+
         Total |   2931 |   2601 |    330 |    878 |    938 |   4 |  732.8 |
       Dungeon |   2931 |   2601 |    330 |    878 |    938 |   4 |  732.8 |
               +--------+--------+--------+--------+--------+-----+--------+

Top non-repeatable levels by time:
     D:3: 1528 daAuts
     D:2: 647 daAuts
     D:1: 569 daAuts
     D:4: 186 daAuts
